 Dungeon Crawl Stone Soup version 0.30-a0-23-ge60ba3568b (webtiles) character file.

Game seed: 13963036510268503731

30125 Newt the Slicer (level 13, -13/78 HPs)
             Began as a Kobold Hunter on Aug 24, 2022.
             Was an Initiate of Gozag.
             Killed from afar by an efreet (25 damage)
             ... with a bolt of fire
             ... on level 14 of the Dungeon.
             The game lasted 00:28:38 (17693 turns).

Newt the Slicer (Kobold Hunter)                    Turns: 17693, Time: 00:28:39

Health: -13/78     AC: 10    Str: 15    XL:     13   Next: 86%
Magic:  0/13       EV: 23    Int: 10    God:    Gozag
Gold:   273        SH:  7    Dex: 19    Spells: 12/12 levels left

rFire   . . .      SeeInvis .    j - +3 short sword (venom)
rCold   . . .      Faith    .    y - +0 buckler
rNeg    . . .      Spirit   +    P - +1 leather armour of Resonance {Rampage Slay+3}
rPois   .          Reflect  .    (helmet restricted)
rElec   .          Harm     .    Y - scarf {repulsion}
rCorr   .          Rampage  +    (no gloves)
Will    +....                    u - +2 pair of boots
Stlth   ++++++....               L - amulet of guardian spirit
HPRegen 0.23/turn                l - +4 ring of slaying
MPRegen 0.13/turn                z - ring of willpower

@: repel missiles
A: small, no large weapons, nightstalker 3, horns 1, iridescent scales 1, strong
1
a: Renounce Religion, Potion Petition, Call Merchant, Bribe Branch


You were on level 14 of the Dungeon.
You worshipped Gozag.
Gozag was aware of your devotion.
You visited 2 branches of the dungeon, and saw 15 of its levels.
You also visited: Ossuary and Bailey.

You collected 3186 gold pieces.
You spent 732 gold pieces at shops.
You paid 2181 gold pieces to Gozag.

Inventory:

Hand Weapons
 a - a +0 shortbow
 e - a +2 short sword of venom
 j - a +3 short sword of venom (weapon)
 k - a +0 rapier of venom
Missiles
 q - 5 throwing nets
 O - 8 datura-tipped darts
Armour
 c - a +3 scale mail of cold resistance
 f - a +2 ring mail of fire resistance
 u - a +2 pair of boots (worn)
 y - a +0 buckler (worn)
 N - the +1 ring mail of a bazaar {Str+3 Int+4}
   (You took it off a kobold in a bailey)

   Str:       It affects your strength (+3).
   Int:       It affects your intelligence (+4).
 P - the +1 leather armour of Resonance (worn) {Rampage Slay+3}
   (You found it on level 9 of the Dungeon)

   Slay:      It affects your accuracy & damage with ranged weapons and melee
   (+3).
   Rampage:   It bestows one free step when moving towards enemies.
 Y - a scarf of repulsion (worn)
 Z - a +1 ring mail of willpower
Jewellery
 b - a +6 ring of intelligence
 l - a +4 ring of slaying (left hand)
 o - a ring of ice
 z - a ring of willpower (right hand)
 J - a ring of see invisible
 L - an amulet of guardian spirit (around neck)
 U - a +4 ring of evasion
Wands
 m - a wand of digging (4)
 p - a wand of flame (49)
 r - a wand of charming (23)
 T - a wand of polymorph (5)
Scrolls
 i - 3 scrolls of identify
 t - a scroll of fog
 x - 3 scrolls of poison
 C - 2 scrolls of enchant weapon
 K - 4 scrolls of amnesia
 Q - a scroll of brand weapon
 R - 3 scrolls of magic mapping
 S - 2 scrolls of teleportation
Potions
 d - 4 potions of flight
 g - 7 potions of curing
 h - 2 potions of might
 v - a potion of haste
 w - 4 potions of mutation
 D - 6 potions of brilliance
 E - a potion of magic
 F - a potion of resistance
 H - a potion of cancellation
 I - a potion of lignification
 X - a potion of berserk rage {unknown}
Miscellaneous
 n - a box of beasts (inert)
 M - a tin of tremorstones (2/2)


   Skills:
 - Level 8.0 Fighting
 - Level 14.0 Short Blades
 - Level 5.3 Ranged Weapons
 - Level 8.0 Armour
 - Level 14.0 Dodging
 + Level 11.3 Stealth
 - Level 5.0 Shields
 - Level 8.0 Evocations


You had 12 spell levels left.
You didn't know any spells.
Your spell library contained the following spells:

 Spells                   Type           Power      Damage    Failure   Level
 Sting                    Tmut/Pois      0%         1d3       54%         1
 Poisonous Vapours        Pois/Air       0%         N/A       69%         2
 Hailstorm                Conj/Ice       0%         3d3       100%        4
 Ice Form                 Ice/Tmut       0%         N/A       100%        4
 Olgreb's Toxic Radiance  Pois           0%         N/A       100%        4
 Petrify                  Tmut/Erth      0%         N/A       100%        4
 Summon Ice Beast         Ice/Summ       0%         N/A       100%        4
 Alistair's Intoxication  Tmut/Pois      0%         N/A       100%        5
 Blade Hands              Tmut           0%         N/A       100%        5
 Borgnjor's Vile Clutch   Necr/Erth      0%         N/A       100%        5
 Irradiate                Conj/Tmut      0%         3d11      100%        5
 Metabolic Englaciation   Hex/Ice        0%         N/A       100%        5
 Summon Mana Viper        Hex/Summ       0%         N/A       100%        5
 Eringya's Noxious Bog    Tmut/Pois      0%         N/A       100%        6
 Statue Form              Tmut/Erth      0%         N/A       100%        6
 Dragon Form              Tmut           0%         N/A       100%        7
 Monstrous Menagerie      Summ           0%         N/A       100%        7
 Simulacrum               Ice/Necr       Unusable   N/A       N/A         6

Dungeon Overview and Level Annotations

Branches:
Dungeon (14/15)            Temple (1/1) D:5            Lair (0/5) D:11
    Orc (0/2) D:9         Ossuary (visited)          Bailey (visited)
 Vaults: D:13-14

Altars:
Ashenzari
Dithmenos
Elyvilon
Fedhas
Gozag
Hepliaklqana
Kikubaaqudgha
Makhleb
Nemelex Xobeh
Okawaru
Qazlal
Ru
Sif Muna
Trog
Uskayaw
Vehumet
Wu Jian
Xom
Yredelemnul
Zin
The Shining One

Shops:
D:9 ?   D:10 ?   D:11 (   D:12 (


Innate Abilities, Weirdness & Mutations

You are small and have problems with some larger weapons.
You are completely attuned to the shadows.
You have a pair of small horns on your head.
You are partially covered in iridescent scales. (AC +2)
Your muscles are strong. (Str +4, Int/Dex -1)


Message History

You hit the skeletal warrior but do no damage.
Your headbutt misses the skeletal warrior.
The skeletal warrior is almost destroyed.
You hit the skeletal warrior but do no damage.
You headbutt the skeletal warrior.
The skeletal warrior is almost destroyed.
The skeletal warrior hits you with a +0 dire flail!
You hit the skeletal warrior.
The skeletal warrior is almost destroyed.
The skeletal warrior closely misses you.
You hit the skeletal warrior.
The skeletal warrior is almost destroyed.
You hit the skeletal warrior.
The skeletal warrior is almost destroyed.
You block the skeletal warrior's attack.
You hit the skeletal warrior but do no damage.
The skeletal warrior is almost destroyed.
You closely miss the skeletal warrior.
You headbutt the skeletal warrior, but do no damage.
The skeletal warrior is almost destroyed.
The skeletal warrior hits you with a +0 dire flail.
You hit the skeletal warrior but do no damage.
The skeletal warrior is almost destroyed.
You hit the skeletal warrior but do no damage.
You headbutt the skeletal warrior, but do no damage.
The skeletal warrior is almost destroyed.
The efreet gestures at you. The bolt of fire hits you!!
The skeletal warrior hits you with a +0 dire flail!!
* * * LOW HITPOINT WARNING * * *
You open the lid... ...and a juvenile fireshock beast leaps out!
The box is emptied!
The skeletal warrior completely misses you.
The efreet gestures at you.
The bolt of fire hits your juvenile fireshock beast!
Your juvenile fireshock beast resists.
The bolt of fire hits you!!
You die...
Your body crumbles into a pile of gold.

.....<...#### #.........>#
.....^...# #..........#
.........# #........).#
...).....# .........#
.........# ........#
######'### ####'#### #..#
####...# #####'## ##....###
#......# #z@#### #>.....#
##H##### ###......#
###..○...
..#......###.'.R§.##
#.'......##..#....# $
###......'..##....#
#......#####....#..○..#..#.
#......# #....#...○.#..'.
#......# #....# ..○.#..'.


You could see a skeletal warrior, an efreet (ally target) and a friendly
juvenile fireshock beast (summoned).

Vanquished Creatures
  Kirke (D:12)
  Nessos (D:12)
  Fannar (D:12)
  Erica (D:10)
  2 boulder beetles
  3 centaur warriors
  2 two-headed ogres
  A tengu warrior (D:14)
  Urug (D:13)
  4 skeletal warriors (D:14)
  A steelbarb worm (shapeshifter) (D:13)
  Pikel (D:5)
  2 deep elf pyromancers
  3 manticores
  A wolf spider (D:12)
  4 cyclopes
  3 ugly things
  A gargoyle (D:12)
  A rime drake (shapeshifter) (D:13)
  3 trolls
  2 hornets
  16 slime creatures
  A vampire (D:12)
  A wraith (D:10)
  A shadow (D:11)
  2 wyverns
  A human (D:12)
  A steam dragon (D:8)
  15 yaks
  3 hogs (D:12)
  8 vampire mosquitoes
  Edmund (D:4)
  3 wargs (D:9)
  2 acid dragons
  3 water moccasins
  8 orc warriors
  2 ice beasts
  2 black bears
  A boggart (D:14)
  2 centaurs (D:8)
  7 kobold brigands
  3 lemures
  A bullfrog (D:9)
  4 gnoll sergeants
  3 scorpions (D:4)
  4 wights (D:8)
  8 killer bees
  A vampire bat (D:10)
  2 electric eels (D:10)
  2 howler monkeys
  4 orc priests
  2 hounds (D:6)
  A human zombie (Ossuary)
  A jelly (D:5)
  2 iguanas
  Ijyb (D:4)
  6 orc wizards
  3 mummies (Ossuary)
  21 gnolls
  3 adders
  3 white imps
  A dart slug (D:1)
  2 worms
  27 orcs
  8 ball pythons
  4 bats
  2 bat skeletons (D:10)
  3 bat zombies (D:10)
  6 endoplasms
  4 giant cockroaches
  3 hobgoblins
  4 quokkas
  2 gnoll zombies (Ossuary)
  A goblin (D:3)
  A goblin zombie (Ossuary)
  A hobgoblin zombie (Ossuary)
  17 kobolds
  2 kobold zombies (Ossuary)
  An orc zombie (Ossuary)
  5 rats
288 creatures vanquished.

Vanquished Creatures (collateral kills)
  An orc (D:3)
1 creature vanquished.

Vanquished Creatures (others)
  A yak (D:11)
  A human (D:12)
  A centaur (D:13)
  2 plants (D:4)
5 creatures vanquished.

Grand Total: 294 creatures vanquished

Notes
Turn   | Place    | Note
-------+----------+-------------------------------------------
     0 | D:1      | Newt the Kobold Hunter began the quest for the Orb.
     0 | D:1      | Reached XP level 1. HP: 12/12 MP: 1/1
   199 | D:1      | Reached XP level 2. HP: 17/17 MP: 2/2
   368 | D:1      | Reached skill level 1 in Short Blades
  1080 | D:2      | Reached XP level 3. HP: 21/21 MP: 3/3
  1218 | D:2      | Found a faded altar of an unknown god.
  1448 | D:2      | Found a glowing golden altar of the Shining One.
  1937 | D:3      | HP: 1/21 [orc/+0 mace (2)]
  2003 | D:3      | Reached XP level 4. HP: 4/26 MP: 4/4
  2277 | D:3      | Reached XP level 5. HP: 36/36 MP: 5/5
  2752 | D:3      | Found a glowing silver altar of Zin.
  2761 | D:3      | Found a broken altar of Ashenzari.
  3194 | D:4      | Reached XP level 6. HP: 32/41 MP: 6/6
  3528 | D:4      | Noticed Edmund
  3532 | D:4      | Killed Edmund
  3564 | D:4      | Found a hide-covered altar of Uskayaw.
  3675 | D:4      | Reached XP level 7. HP: 46/46 MP: 7/7
  3750 | D:4      | Noticed Ijyb
  3754 | D:4      | Killed Ijyb
  4139 | D:5      | Entered Level 5 of the Dungeon
  4139 | D:5      | Noticed Pikel
  4264 | D:5      | Killed Pikel
  4265 | D:5      | Reached skill level 10 in Stealth
  4265 | D:5      | Reached skill level 1 in Evocations
  4265 | D:5      | Reached XP level 8. HP: 50/51 MP: 8/8
  4324 | D:5      | Found a staircase to the Ecumenical Temple.
  4337 | Temple   | Entered the Ecumenical Temple
  4565 | Temple   | Became a worshipper of Gozag Ym Sagoz the Greedy
  4952 | D:5      | Found a stormy altar of Qazlal.
  5066 | D:5      | Reached skill level 5 in Evocations
  5094 | D:4      | Reached XP level 9. HP: 21/55 MP: 9/9
  7062 | D:7      | Found a shadowy altar of Dithmenos.
  7117 | D:7      | You fall into a shaft and drop 1 floor!
  7139 | D:8      | Reached skill level 1 in Shields
  7168 | D:8      | Found a sand-covered staircase.
  7176 | Ossuary  | Entered an ossuary
  7419 | D:8      | Gained mutation: You have a pair of small horns on your
                  | head. [potion of mutation]
  7419 | D:8      | Gained mutation: Your muscles are strong. (Str +4, Int/Dex
                  | -1) [potion of mutation]
  7419 | D:8      | Gained mutation: You are partially covered in iridescent
                  | scales. (AC +2) [potion of mutation]
  7937 | D:8      | Reached XP level 10. HP: 60/60 MP: 10/10
  8265 | D:9      | Reached skill level 5 in Shields
  8273 | D:9      | Found a flagged portal.
  8307 | Bailey   | Entered a bailey
  8395 | Bailey   | Identified the +1 ring mail of a bazaar {Str+3 Int+4}
  8938 | Bailey   | Found a bloodstained altar of Trog.
  9083 | D:9      | Found a white marble altar of Elyvilon.
  9087 | D:9      | Noticed a two-headed ogre
  9091 | D:9      | Killed a two-headed ogre
  9096 | D:9      | Bought 2 scrolls of identify for 56 gold pieces
  9096 | D:9      | Bought a scroll of brand weapon for 133 gold pieces
  9096 | D:9      | Bought a scroll of identify for 28 gold pieces
  9096 | D:9      | Bought a scroll of poison for 56 gold pieces
  9096 | D:9      | Bought a scroll of magic mapping for 105 gold pieces
  9096 | D:9      | Bought a scroll of teleportation for 42 gold pieces
  9162 | D:9      | Found a sparkling altar of Nemelex Xobeh.
  9279 | D:9      | Reached XP level 11. HP: 67/67 MP: 11/11
  9365 | D:9      | Found a staircase to the Orcish Mines.
  9646 | D:9      | Found a glowing golden altar of the Shining One.
  9816 | D:9      | Identified the +1 leather armour of Resonance {Rampage
                  | Slay+3}
 10102 | D:10     | Entered Level 10 of the Dungeon
 10102 | D:10     | Noticed a two-headed ogre
 10113 | D:10     | Killed a two-headed ogre
 10114 | D:10     | Reached skill level 5 in Armour
 10553 | D:10     | Found a bloodstained altar of Trog.
 10671 | D:10     | Found an ancient bone altar of Kikubaaqudgha.
 10935 | D:10     | Found Lesu's Magic Scroll Shop.
 10946 | D:10     | Bought a scroll of identify for 24 gold pieces
 10946 | D:10     | Bought a scroll of identify for 24 gold pieces
 10946 | D:10     | Bought a scroll of identify for 24 gold pieces
 10946 | D:10     | Bought a scroll of identify for 24 gold pieces
 10983 | D:10     | Noticed Erica
 11000 | D:10     | Killed Erica
 11531 | D:11     | Identified the +1 mace of the Four Beasts {vorpal, rElec}
 11588 | D:11     | Found a staircase to the Lair.
 11638 | D:11     | Noticed a boulder beetle
 11642 | D:11     | Killed a boulder beetle
 11680 | D:11     | Noticed a manticore
 11700 | D:11     | Killed a manticore
 11714 | D:11     | Reached XP level 12. HP: 46/73 MP: 9/12
 12081 | D:11     | Reached skill level 10 in Short Blades
 12184 | D:12     | Noticed Nessos
 12477 | D:12     | Noticed Urug
 12537 | D:13     | Killed Urug
 12977 | D:13     | Noticed a centaur warrior
 12986 | D:13     | Killed a centaur warrior
 13205 | D:13     | Noticed a centaur warrior
 13209 | D:13     | Killed a centaur warrior
 13290 | D:13     | Noticed a steelbarb worm
 13290 | D:13     | an eye of devastation changed into a steelbarb worm
 13310 | D:13     | Killed a steelbarb worm
 13311 | D:13     | Reached XP level 13. HP: 15/78 MP: 5/13
 15873 | D:12     | Noticed Fannar
 15875 | D:12     | Killed Fannar
 15876 | D:12     | Reached skill level 10 in Dodging
 16088 | D:12     | Killed Nessos
 16193 | D:12     | Noticed a boulder beetle
 16198 | D:12     | Noticed Kirke
 16442 | D:12     | Killed a boulder beetle
 16826 | D:12     | Killed Kirke
 17043 | D:12     | Bought a glowing short sword for 216 gold pieces
 17295 | D:14     | Noticed a centaur warrior
 17296 | D:14     | Found a sacrificial altar of Ru.
 17299 | D:14     | Killed a centaur warrior
 17327 | D:14     | Identified the +5 spear of Dried Tears {vorpal, rElec
                  | Int+5}
 17649 | D:14     | Noticed a five-headed hydra
 17693 | D:14     | Killed from afar by an efreet

Illustrated notes

Levels and vault maps discovered:
D:1:      scummos_arrival_forest, layout_loops_cross, item_on_display_a
D:2:      layout_loops_ring, basic_altar, chequers_ecumenical_altar_lobes
D:3:      layout_basic, mainiacjoe_overflow_swirl
D:4:      layout_basic, mainiacjoe_overflow_chevrons, uniq_ijyb, uniq_edmund
D:5:      layout_loops_cross, grunt_qazlal_clouds,
          minmay_temple_entry_statues_fountains, uniq_pikel
D:6:      layout_basic
D:7:      layout_basic, mainiacjoe_overflow_catwalk_spiral, serial_glass,
          glass_columns_b, glass_columns_b, guppyfry_shop_venom
D:8:      layout_rooms, nicolae_ossuary_entry_plus
D:9:      layout_basic, mainiacjoe_overflow_brackets, elyvilon_altar_5,
          tso_metal_star, minmay_orc_entry_guard_dogs, enter_bailey_6
D:10:     layout_long_grid, kennysheep_vampire_church, kennysheep_little_box,
          serial_bayou_pond_c, kennysheep_small_circle, uniq_erica
D:11:     layout_cross, dpeg_oklobed_lair
D:12:     layout_rooms, uniq_nessos, uniq_fannar, uniq_kirke, uniq_urug
D:13:     layout_small_grid
D:14:     layout_roguey, skrybe_vaults_entry_preservation,
          nicolae_ru_awakened_eye
Temple:   grunt_temple_mini_profane

Skill      XL: |  1  2  3  4  5  6  7  8  9 10 11 12 13 |
---------------+----------------------------------------+-----
Stealth        | 2 3 7 10 11 | 11.3
Short Blades   | 2 3 7 8 9 14 | 14.0
Fighting       | 6 7 8 |  8.0
Armour         | 4 8 |  8.0
Dodging        | 6 8 9 14 | 14.0
Evocations     | 1 5 8 |  8.0
Shields        | 3 5 |  5.0
Ranged Weapons | |  5.3

Action                   |  1- 3 |  4- 6 |  7- 9 | 10-12 | 13-15 || total
-------------------------+-------+-------+-------+-------+-------++-------
Melee: Short sword       |    50 |    41 |   234 |   441 |   190 ||   956
       Punch             |       |     1 |     3 |       |       ||     4
       Headbutt          |       |       |    13 |   136 |    59 ||   208
 Fire: Shortbow          |     6 |       |       |       |       ||     6
Invok: Call Merchant     |       |       |       |     2 |     1 ||     3
Evoke: Wand              |       |       |       |    10 |     2 ||    12
       Box of beasts     |       |       |       |       |     1 ||     1
  Use: Scroll            |     3 |     6 |     7 |    10 |     1 ||    27
       Potion            |       |     1 |     2 |    12 |     3 ||    18
 Stab: Sleeping          |    17 |    15 |    32 |    23 |    10 ||    97
       Distracted        |       |       |     5 |     2 |     3 ||    10
Armor: Leather armour    |     4 |     1 |    18 |    40 |    17 ||    80
       Ring mail         |       |       |       |    15 |       ||    15
Dodge: Dodged            |    33 |    13 |   115 |   273 |   106 ||   540
       Repelled          |       |       |       |     2 |       ||     2
Block: Buckler           |       |       |     9 |    96 |    49 ||   154

Table legend: (Time is in decaauts)
 A = Elapsed time spent in this place.
 B = Non-inter-level travel time spent in this place.
 C = Inter-level travel time spent in this place.
 D = Time resting spent in this place.
 E = Time spent auto-exploring this place.
 F = Levels seen in this place.
 G = Mean time per level.
                   A        B        C        D        E       F      G
               +--------+--------+--------+--------+--------+-----+--------+
         Total |  17362 |  16795 |    567 |   4660 |   9832 |  17 | 1021.3 |
       Dungeon |  16175 |  15654 |    521 |   4253 |   9346 |  14 | 1155.4 |
        Temple |    252 |    207 |     45 |      0 |    205 |   1 |  252.0 |
       Ossuary |    235 |    235 |      0 |      0 |    155 |   1 |  235.0 |
        Bailey |    698 |    698 |      0 |    407 |    126 |   1 |  698.0 |
               +--------+--------+--------+--------+--------+-----+--------+

Top non-repeatable levels by time:
    D:11: 2771 daAuts
    D:13: 1508 daAuts
     D:3: 1460 daAuts
    D:12: 1311 daAuts
     D:9: 1287 daAuts
    D:10: 1235 daAuts
     D:4: 1233 daAuts
     D:5: 1106 daAuts
     D:6: 958 daAuts
     D:1: 875 daAuts
     D:2: 846 daAuts
     D:8: 819 daAuts
  Bailey: 698 daAuts
    D:14: 444 daAuts
     D:7: 315 daAuts
